 Dungeon Crawl Stone Soup version 0.19.4-9-g45fd643 (webtiles) character file.

1229 Peloso the Slasher (level 8, -5/70 HPs)
             Began as a Minotaur Fighter on Feb 17, 2017.
             Splashed by a jelly's acid (6 damage)
             ... on level 5 of the Dungeon.
             The game lasted 00:10:06 (5589 turns).

Peloso the Slasher (Minotaur Fighter)               Turns: 5589, Time: 00:10:09

Health: -5/70      AC: -1    Str: 21    XL:     8   Next: 24%
Magic:  7/7        EV:  7    Int:  5    God:
Gold:   207        SH: 10    Dex: 12    Spells: 0 memorised, 7 levels left

rFire  . . .     SeeInvis +     a - +0 long sword
rCold  . . .     Gourm    .     w - +0 chain mail
rNeg   . . .     Faith    .     c - +0 shield
rPois  .         Spirit   .     (helmet restricted)
rElec  .         Reflect  .     (no cloak)
rCorr  .         Harm     .     (no gloves)
MR     .....                    (no boots)
Stlth  ..........               (no amulet)
                                m - ring of see invisible
                                p - ring of stealth

@: lethally poisoned (-5 -> -6), corroded
A: retaliatory headbutt, horns 2
a: no special abilities


You were on level 5 of the Dungeon.
You were not hungry.

You visited 1 branch of the dungeon, and saw 5 of its levels.

You collected 207 gold pieces.

Inventory:

Hand Weapons
 a - a +0 long sword (weapon)
Armour
 b - a +0 scale mail
 c - a +0 shield (worn)
 w - a +0 chain mail (worn)
Jewellery
 m - a ring of see invisible (right hand)
 p - a ring of stealth (left hand)
Scrolls
 d - a scroll of teleportation
 g - 2 scrolls of identify
 q - a scroll of remove curse {unknown}
Potions
 e - 2 potions of agility
 i - a potion of cancellation
 j - 2 potions of haste
 l - 5 potions of curing
 n - a potion of flight {unknown}
 u - a potion of ambrosia {unknown}
 v - a potion of brilliance {unknown}
Comestibles
 f - a bread ration
 h - 5 meat rations
 k - 2 slices of pizza
 o - 7 fruits
 r - 5 chunks of flesh
 t - a royal jelly


   Skills:
 + Level 5.7 Fighting
 + Level 7.2 Long Blades
 + Level 6.8 Armour
 + Level 2.8 Dodging
 + Level 0.1 Stealth
 + Level 6.4 Shields


You had 7 spell levels left.
You didn't know any spells.

Dungeon Overview and Level Annotations

Branches:
Dungeon (5/15)
 Temple: D:4-7

Altars:
Fedhas


Innate Abilities, Weirdness & Mutations

You reflexively headbutt those who attack you in melee.
You have a pair of horns on your head.


Message History

You hit the jelly but do no damage.
Your hands burn!
You feel sick. The jelly hits you.
You are splashed with acid!
The acid burns!
You hit the jelly but do no damage. The acid corrodes you!
Your hands burn!
You feel sick. The jelly hits you.
You are splashed with acid!
The acid burns!
* * * LOW HITPOINT WARNING * * *
You hit the jelly but do no damage.
Your hands burn!
* * * LOW HITPOINT WARNING * * *
You headbutt the jelly, but do no damage.
You block the jelly's attack.
You hit the jelly.
Your hands burn!
* * * LOW HITPOINT WARNING * * *
The jelly is lightly wounded.
You feel sick. You block the jelly's attack.
You slash the jelly!
Your hands burn!
* * * LOW HITPOINT WARNING * * *
The jelly is heavily wounded.
The jelly hits you.
* * * LOW HITPOINT WARNING * * *
The acid corrodes you!
You are splashed with acid!
The acid burns!
You die...

....'.))# ....###)#
...... ....# #.## ......
#######†.###### ....(.
### #........####......
#...##........#.........
#.#.....#.....#.......
.....#........#.J..#
..#.....#.....#.@..#
....###.....###....#
..####..###.###....##.
.. .......$.†.........
#.#####.###.......# #.
#.. #.#####.# .. #......
.# #..##.#. # #..##.#.#


You could see a jelly.

Vanquished Creatures
  The ghost of Jerry the Slasher, a novice DgGl (D:5)
  A troll (D:5)
  An ogre (D:4)
  Blork the orc (D:4)
  A scorpion (D:5)
  2 crimson imps (D:5)
  A gnoll shaman (D:4)
  A hound (D:3)
  3 orc wizards (D:5)
  2 worker ants
  7 adders
  5 gnolls
  2 oozes
  4 worms
  4 dart slugs
  5 leopard geckos
  11 orcs
  7 giant cockroaches
  7 goblins
  7 hobgoblins
  11 jackals
  4 kobolds
  2 quokkas
  5 bats
  4 frilled lizards
  2 quokka skeletons (D:4)
  4 rats
105 creatures vanquished.

Notes
Turn   | Place    | Note
-------+----------+-------------------------------------------
     0 | D:1      | Peloso the Minotaur Fighter began the quest for the Orb.
     0 | D:1      | Reached XP level 1. HP: 19/19 MP: 0/0
   170 | D:1      | Reached XP level 2. HP: 27/27 MP: 1/1
   343 | D:1      | Reached skill level 3 in Long Blades
   343 | D:1      | Reached XP level 3. HP: 24/33 MP: 2/2
   982 | D:2      | Found a blossoming altar of Fedhas.
  1232 | D:2      | Reached XP level 4. HP: 41/41 MP: 3/3
  1736 | D:3      | Reached skill level 4 in Long Blades
  2385 | D:3      | Reached XP level 5. HP: 47/47 MP: 4/4
  2801 | D:3      | HP: 2/47 [gnoll/spear (8)]
  3166 | D:4      | Reached skill level 1 in Dodging
  3249 | D:4      | Noticed Blork the orc
  3258 | D:4      | Killed Blork the orc
  3258 | D:4      | Reached skill level 5 in Fighting
  3258 | D:4      | Reached skill level 5 in Long Blades
  3258 | D:4      | Reached XP level 6. HP: 23/56 MP: 5/5
  3906 | D:4      | Reached skill level 5 in Armour
  3906 | D:4      | Reached skill level 5 in Shields
  4795 | D:5      | Entered Level 5 of the Dungeon
  4795 | D:5      | Noticed a troll
  4810 | D:5      | Killed a troll
  4810 | D:5      | Reached skill level 6 in Long Blades
  4810 | D:5      | Reached XP level 7. HP: 23/61 MP: 6/6
  4996 | D:5      | Noticed Jerry's ghost (novice DgGl)
  5389 | D:5      | Killed Jerry's ghost
  5389 | D:5      | Reached XP level 8. HP: 60/69 MP: 7/7
  5402 | D:5      | Reached skill level 7 in Long Blades
  5589 | D:5      | HP: 3/70 [acid (5)]
  5589 | D:5      | HP: 1/70 [jelly (2)]
  5589 | D:5      | Splashed by a jelly's acid

Skill      XL: |  1  2  3  4  5  6  7  8 |
---------------+-------------------------+-----
Fighting       | 4 5 |  5.7
Shields        | 4 5 6 |  6.4
Long Blades    | 3 4 5 6 7 |  7.2
Armour         | 4 5 6 |  6.8
Dodging        | 1 2 |  2.8
Stealth        | |  0.1

Action                   |  1- 3 |  4- 6 |  7- 9 || total
-------------------------+-------+-------+-------++-------
Melee: Long sword        |    82 |   163 |   106 ||   351
       Headbutt          |    14 |    35 |    21 ||    70
  Use: Potion            |       |     3 |       ||     3
       Scroll            |       |     9 |       ||     9
  Eat: Chunk             |     1 |    11 |     3 ||    15
Armor: Scale mail        |    43 |    10 |       ||    53
       Chain mail        |       |    65 |    38 ||   103
Dodge: Dodged            |    23 |    60 |    15 ||    98
Block: Shield            |    43 |    91 |    56 ||   190
       Rpst.: Long sword |     5 |    15 |     8 ||    28
